 Dungeon Crawl Stone Soup version 0.29.1-1-gd02db69 (webtiles) character file.

Game seed: 17774191278461084453

5313 Timinator the Martial Artist (level 10, -1/83 HPs)
             Began as a Demigod Transmuter on Jan 14, 2023.
             Slain by a tengu warrior
             ... wielding a +0 great sword
              (15 damage)
             ... on level 8 of the Dungeon.
             The game lasted 00:33:09 (8527 turns).

Timinator the Martial Artist (Demigod Transmuter)   Turns: 8527, Time: 00:33:09

Health: -1/83      AC:  6    Str: 15    XL:     10   Next: 15%
Magic:  16/16      EV: 14    Int: 15    God:
Gold:   495        SH:  0    Dex: 22    Spells: 6/13 levels left

rFire   . . .      SeeInvis .     - Unarmed
rCold   . . .      Faith    .   (no shield)
rNeg    . . .      Spirit   .   y - +0 ring mail
rPois   .          Reflect  .   (no helmet)
rElec   .          Harm     .   u - +0 cloak
rCorr   .          Rampage  .   (no gloves)
Will    ++...                   (no boots)
Stlth   +.........              k - amulet of regeneration
HPRegen 1.03/turn               p - ring of willpower
MPRegen 0.15/turn               r - +4 ring of slaying

@: invisible
A: high MP 1, forlorn, divine attributes
a: no special abilities


You were on level 8 of the Dungeon.
You visited 1 branch of the dungeon, and saw 9 of its levels.

You collected 495 gold pieces.

Inventory:

Missiles
 b - 8 poisoned darts (quivered)
Armour
 u - a +0 cloak (worn)
 y - a +0 ring mail (worn)
Jewellery
 k - an amulet of regeneration (around neck)
 p - a ring of willpower (left hand)
 r - a +4 ring of slaying (right hand)
 s - a ring of protection from fire
Wands
 a - a wand of digging (3)
 w - a wand of acid (10)
 x - a wand of roots (11)
Scrolls
 g - 3 scrolls of magic mapping
 j - 3 scrolls of teleportation
 l - 2 scrolls of amnesia
 m - a scroll of vulnerability {unknown}
 q - 2 scrolls of immolation {unknown}
 z - a scroll of poison {unknown}
 A - a scroll of torment {unknown}
 B - a scroll of noise {unknown}
 C - 3 scrolls of enchant armour {unknown}
 G - a scroll of butterflies {unknown}
Potions
 c - 3 potions of magic
 e - a potion of haste
 n - a potion of flight
 o - a potion of brilliance
 t - a potion of attraction
 v - 2 potions of ambrosia
 E - a potion of cancellation {unknown}


   Skills:
 + Level 5.8 Fighting
 - Level 3.0 Armour
 * Level 5.8 Dodging
 * Level 8.3 Unarmed Combat
 + Level 2.2 Spellcasting
 * Level 7.4 Transmutations
 - Level 3.0 Ice Magic


You had 6 spell levels left.
You knew the following spells:

 Your Spells              Type           Power      Damage    Failure   Level
a - Beastly Appendage     Tmut           48%        N/A       1%          1
b - Wereblood             Tmut           24%        N/A       3%          2
c - Ice Form              Ice/Tmut       17%        N/A       43%         4

Your spell library contained the following spells:

 Spells                   Type           Power      Damage    Failure   Level
 Spider Form              Tmut/Pois      12%        N/A       26%         3
 Frozen Ramparts          Ice            20%        1d4       36%         3
 Ozocubu's Armour         Ice            10%        N/A       36%         3
 Call Canine Familiar     Summ           1%         N/A       77%         3
 Portal Projectile        Hex/Tloc       2%         N/A       77%         3
 Summon Guardian Golem    Hex/Summ       1%         N/A       77%         3
 Summon Ice Beast         Ice/Summ       6%         N/A       92%         4
 Leda's Liquefaction      Hex/Erth       0%         N/A       99%         4
 Metabolic Englaciation   Hex/Ice        3%         N/A       99%         5
 Simulacrum               Ice/Necr       3%         N/A       100%        6
 Orb of Destruction       Conj           0%         9d5       100%        7
 Ozocubu's Refrigeration  Ice            5%         4d8       100%        7
 Spellforged Servitor     Conj/Summ      0%         N/A       100%        7


Dungeon Overview and Level Annotations

Branches:
Dungeon (9/15)             Temple (0/1) D:6
   Lair: D:8-11         Orc: D:9-12


Innate Abilities, Weirdness & Mutations

You have an increased reservoir of magic. (+10% MP)
You shall have no god before yourself.
Your divine heritage dramatically boosts your attributes as you level up.


Message History

You see here a +0 shortbow.
There is a stone staircase leading up, spattered with blood here.
You climb upwards.
Your transformation is almost over.
There is a stone staircase leading down, spattered with blood here.
You start resting.
Your extra speed is starting to run out.
You start resting.
You warm up again.
Your +0 cloak unmelds from your body.
Your +0 ring mail unmelds from your body.
You start resting.
You feel yourself slow down.
You start resting.
HP restored.
(D) Dungeon (T) Temple
Where to? (Enter - D:9, ? - help)
Okay, then.
You see here a +0 shortbow.
Things that are here:
a +2 robe of fire resistance; a +3 dagger of chaos
Items here: ))) [[.
Items here: )) [[.
There is a stone staircase leading down here.
You climb downwards.
There is a stone staircase leading up here.
The tengu warrior shouts!
The tengu warrior hits you with a +0 great sword!!
The tengu warrior pecks you but does no damage.
The tengu warrior claws you but does no damage.
The tengu warrior attacks as you move away!
The tengu warrior hits you with a +0 great sword!!
The tengu warrior pecks you. The tengu warrior claws you.
The tengu warrior hits you with a +0 great sword!!
* * * LOW HITPOINT WARNING * * *
The tengu warrior pecks you but does no damage.
The tengu warrior barely misses you.
You fade into invisibility!
The tengu warrior hits you with a +0 great sword!
You die...

..# ####).......................
..# #.##........................
..####.##..........).............
.......##.............)..........
..####.##........................
..# #...........................
..# #.##........................
..# ####........................
### #......Q@.....<.........>
#........................
######........................
#.............................
#.............................
#.............................
#......#########.....#########
#......#########.....#
#......#............:#


You could see a tengu warrior (unable to see you).

Vanquished Creatures
  Erica (D:8)
  2 two-headed ogres (D:8)
  Psyche (D:7)
  A slime creature (D:9)
  Prince Ribbit (D:5)
  Sigmund (D:3)
  A wraith (D:9)
  An orc warrior (D:8)
  2 sky beasts
  2 ogres
  3 ice beasts
  6 centaurs
  2 scorpions
  A bullfrog (D:8)
  A necrophage (D:6)
  6 wights
  3 killer bees
  3 jellies
  5 orc priests
  5 iguanas
  Jessica (D:3)
  6 orc wizards
  9 adders
  A shadow imp (D:8)
  An ufetubus (D:5)
  A worm (D:2)
  2 dart slugs
  25 orcs
  2 bats
  7 endoplasms
  2 giant cockroaches
  10 goblins
  8 hobgoblins
  6 jackals
  16 kobolds
  3 quokkas
  14 ball pythons
  3 rats
165 creatures vanquished.

Vanquished Creatures (others)
  3 plants (D:2)
3 creatures vanquished.

Grand Total: 168 creatures vanquished

Notes
Turn   | Place    | Note
-------+----------+-------------------------------------------
     0 | D:1      | Timinator the Demigod Transmuter began the quest for the
                  | Orb.
     0 | D:1      | Reached XP level 1. HP: 15/15 MP: 5/5
    86 | D:1      | Reached skill level 1 in Fighting
   369 | D:1      | Reached XP level 2. HP: 23/23 MP: 5/7
   555 | D:1      | Reached skill level 3 in Unarmed Combat
   916 | D:1      | Learned a level 2 spell: Wereblood
  1224 | D:1      | Reached XP level 3. HP: 24/28 MP: 8/8
  1527 | D:2      | Reached skill level 1 in Armour
  1899 | D:2      | You fall into a shaft and drop 2 floors!
  1935 | D:3      | Noticed a scorpion
  1956 | D:3      | Killed a scorpion
  1957 | D:3      | Reached XP level 4. HP: 9/36 MP: 7/9
  2320 | D:3      | Noticed Sigmund
  2459 | D:3      | Reached XP level 5. HP: 36/41 MP: 6/10
  2489 | D:3      | Noticed Jessica
  2489 | D:3      | Noticed a centaur
  2495 | D:3      | HP: 2/41 [centaur (1)]
  2599 | D:3      | Killed Sigmund
  2600 | D:3      | Reached skill level 4 in Unarmed Combat
  2600 | D:3      | Reached XP level 6. HP: 49/49 MP: 9/11
  2620 | D:3      | Killed Jessica
  4121 | D:5      | Entered Level 5 of the Dungeon
  4302 | D:5      | Reached XP level 7. HP: 54/56 MP: 11/13
  4312 | D:5      | Learned a level 4 spell: Ice Form
  4574 | D:5      | Reached skill level 5 in Unarmed Combat
  4636 | D:5      | Noticed Prince Ribbit
  4647 | D:5      | Killed Prince Ribbit
  4648 | D:5      | Reached skill level 1 in Ice Magic
  5287 | D:6      | Reached XP level 8. HP: 64/64 MP: 12/14
  5446 | D:6      | Found a staircase to the Ecumenical Temple.
  5609 | D:6      | Found Utysilaf's General Store.
  5934 | D:7      | Reached skill level 6 in Unarmed Combat
  6049 | D:7      | Reached skill level 5 in Transmutations
  6708 | D:8      | Noticed Erica
  6959 | D:8      | Noticed a two-headed ogre
  7030 | D:8      | Killed a two-headed ogre
  7031 | D:8      | Reached skill level 5 in Fighting
  7031 | D:8      | Reached skill level 7 in Unarmed Combat
  7031 | D:8      | Reached XP level 9. HP: 59/74 MP: 13/15
  7069 | D:8      | Killed Erica
  7070 | D:8      | Reached skill level 5 in Dodging
  7182 | D:8      | Identified the +10 great mace of Cowardice {spect, +Blink
                  | rF+ Will- Str+2}
  7243 | D:8      | Noticed Psyche
  7386 | D:7      | Killed Psyche
  7496 | D:8      | Noticed a two-headed ogre
  7707 | D:8      | Killed a two-headed ogre
  7708 | D:8      | Reached skill level 8 in Unarmed Combat
  7708 | D:8      | Reached XP level 10. HP: 65/83 MP: 12/16
  8180 | D:9      | Noticed a tengu warrior
  8180 | D:9      | Noticed a tengu warrior
  8527 | D:8      | Slain by a tengu warrior

Illustrated notes

Levels and vault maps discovered:
D:1:      dpeg_arrival_water_temple_mockup, layout_loops_corners
D:2:      layout_basic, shapermc_ecumenical_altar_hornbeckon,
          minmay_shallow_snake_nest
D:3:      layout_basic, minmay_misc_feat_diagonals, lightli_corner_chamber,
          uniq_sigmund, uniq_jessica
D:4:      layout_basic, chequers_temple_overflow_minitemple, serial_curves,
          eino_curves_03, eino_curves_02, lemuel_flame_loot_1
D:5:      layout_basic, uniq_prince_ribbit1
D:6:      nicolae_cairo_tiling_large, layout_basic, okawaru_trees_1,
          minmay_temple_entry_antechambers, serial_shops, nicolae_square_shop
D:7:      layout_loops_ring, nicolae_uskayaw_murder_on_the_dancefloor,
          minmay_misc_feat_encased
D:8:      layout_basic, uniq_erica, uniq_psyche
D:9:      layout_cave_pools, mainiacjoe_overflow_two_lobes, serial_shops,
          nicolae_stop_n_shop_2, corexii_checkpoint_b, kennysheep_pointless_box,
          minmay_the_grid_2x2 [minmay_the_grid_dragon_b,
          minmay_the_grid_spin_star, minmay_the_grid_diamond_grid,
          minmay_the_grid_prize_shrinking_boxes]

Skill      XL: |  1  2  3  4  5  6  7  8  9 |
---------------+----------------------------+-----
Fighting       | 1 2 3 5 |  5.8
Spellcasting   | 2 |  2.2
Unarmed Combat | 3 4 5 7 8 |  8.3
Transmutations | 2 3 4 6 7 |  7.4
Dodging        | 2 3 4 5 |  5.8
Armour         | 1 2 3 |  3.0
Ice Magic      | 1 3 |  3.0

Action                   |  1- 3 |  4- 6 |  7- 9 | 10-12 || total
-------------------------+-------+-------+-------+-------++-------
Melee: Unarmed           |   121 |   101 |   158 |    48 ||   428
       Kick              |    27 |    27 |    52 |    16 ||   122
       Headbutt          |    10 |    10 |    37 |     6 ||    63
       Punch             |     3 |     1 |     2 |     2 ||     8
Throw: Dart              |       |       |    12 |       ||    12
 Cast: Beastly Appendage |    27 |    24 |    40 |     7 ||    98
       Wereblood         |     2 |     3 |     8 |     2 ||    15
       Ice Form          |       |       |     1 |     1 ||     2
Evoke: Wand              |       |       |     1 |     1 ||     2
  Use: Potion            |     1 |     3 |     7 |     3 ||    14
       Scroll            |       |     7 |     5 |     1 ||    13
 Stab: Sleeping          |     2 |     1 |       |       ||     3
Armor: Robe              |     7 |       |       |       ||     7
       Leather armour    |    13 |    26 |    25 |       ||    64
       Skin              |     2 |       |       |     4 ||     6
       Ring mail         |       |       |     1 |    10 ||    11
Dodge: Dodged            |    78 |    81 |    72 |    37 ||   268
